Unix NetHack Version 5.0.0-0 post-release - last build Jun 10 2026 00:39:30 (3ee93aec679c4c4259841fe613dc97188e26a321,branch:main).

Game began 2026-05-07 02:33:20, ended 2026-07-07 21:11:19.

ButtonHitter, neutral female human Valkyrie

                   -------               -----#---
                  #-.....|              #-.......-#              -----
                  #|......#             #|.....<.|#              |...|
                  #|.....|#             #     ...|##             |...|
  -----           #-----.-#             #      ..| #            #....|
  |...|           ##     ##             #          #            #|....#
  |....#           #     ##             #          #####        #|...|#
  |...|#           #     ###            ###            #        #-----#
  |...|#           #      #               #            #        ##    #
  -----#           #      #               #            #         ##   #
      ##           #      #              ###           ###        #   #
      #            #      #               `###################### #   #-----
      #            #      #----------------#             #   ---|-#   #|.(.|
     ##            #      #|..............|#                 |...-#   #|...|
     #-------------#      #|..............|#                 +..(|    #....|
     #|...........|#      #.........[....)-#                 |...|     -----
     #........>....#       ----------------                  -----
      -------------

ButtonHitter the Warrior    St:25 Dx:14 Co:18 In:7 Wi:16 Ch:11  Neutral
Dlvl:1  $:0  HP:143(143) Pw:28(28) AC:-11 Xp:14/100348 T:20540  Burdened

Latest messages:
 What do you want to drink? [c-emnrtuDFJQVX or ?*] D
 You have a normal feeling for a moment, then it passes.
 Call a white potion: 
 Your movements are only slowed slightly by your load.
 You hit the black light.
 The vampire bat gets angry!
 You miss the goblin.
 You hear a nearby zap.
 The wand misses you.
 You hear a nearby zap.
 The wand misses you.
 You kill the flaming sphere!
 You murderer!
 You try to feel what is lying here on the floor.
 There are several objects here.
 You try to feel what is lying here on the floor.
 You feel here a potion of see invisible.
 You try to feel what is lying here on the floor.
 You feel here a potion of levitation.
 You feel less trippy now.
 You try to feel what is lying here on the floor.
 There are several objects here.
 You try to feel what is lying here on the doorway.
 Wait!  There's something there you can't see!
 You kill it!
 You try to feel what is lying here on the ground.
 You try to feel what is lying here on the ground.
 You feel here a rock.
 You climb up the stairs.
 What do you want to use or apply? [bhklsBCEKMV or ?*] h
 Nothing seems to happen.
 What do you want to use or apply? [bhklsBCEKMV or ?*] h
 Nothing seems to happen.
 What do you want to use or apply? [bhklsBCEKMV or ?*] h
 Far out!  Everything is all cosmic again!
 What do you want to use or apply? [bhklsBCEKMV or ?*] h
 Everything looks SO boring now.
 What do you want to use or apply? [bhklsBCEKMV or ?*] h
 Nothing happens.
 What do you want to use or apply? [bhklsBCEKMV or ?*] h
 Nothing happens.
 The massive hammer hits!  Lightning strikes the newt!
 You kill the newt!
 You see here an orcish dagger.
 That door is closed.
 The door opens.
 Beware, there will be no return!  Still climb? [yn] (n) y
 Do you want your possessions identified? [ynq] (y) y
 Do you want to see your attributes? [ynq] (y) n
 Do you want an account of creatures vanquished? [ynaq] (y) q

Inventory:
 Amulets  ('"')
  z - an uncursed amulet of reflection (being worn)
 Weapons  (')')
  q - the rustproof +3 Frost Brand
  a - the rustproof +5 Mjollnir (wielded in right hand)
  S - a +0 silver saber (wielded in left hand)
 Armor    ('[')
  I - a blessed +3 elven leather helm (being worn)
  g - a blessed +4 pair of gauntlets of power (being worn)
  p - an uncursed +0 pair of high boots (being worn)
  o - an uncursed very burnt +0 cloak of displacement (being worn)
  f - an uncursed greased +0 dwarvish mithril-coat (being worn)
 Comestibles  ('%')
  P - 2 uncursed lembas wafers
  T - an uncursed tin of stir fried winter wolf meat
  O - 2 uncursed lizard corpses
 Scrolls  ('?')
  w - an uncursed scroll of confuse monster
  U - an uncursed scroll of gold detection
  Z - an uncursed scroll of remove curse
 Potions  ('!')
  u - an uncursed potion of confusion
  J - an uncursed potion of gain ability
  d - a cursed potion of gain energy
  c - an uncursed potion of hallucination
  n - a blessed potion of levitation
  e - an uncursed potion of monster detection
  V - a blessed potion of oil
  X - a blessed potion of see invisible
  Q - an uncursed potion of sickness
  r - an uncursed potion of sleeping
  F - an uncursed potion of speed
  m - a potion of holy water
  t - 2 uncursed potions of water
 Rings    ('=')
  A - an uncursed +2 ring of gain constitution
 Wands    ('/')
  E - a wand of cancellation (0:4)
  C - a wand of polymorph (0:6)
 Tools    ('(')
  b - an uncursed sack containing 18 items
  M - the Bell of Opening (0:3)
  l - an uncursed brass lantern
  K - the blessed Orb of Fate (0:5)
  k - an uncursed skeleton key
  s - an uncursed stethoscope
  B - an uncursed moist towel
  h - a +0 unicorn horn

Contents of the sack:
  an uncursed amulet of life saving
  2 uncursed food rations
  4 uncursed scrolls of blank paper
  3 uncursed scrolls of charging
  a blessed scroll of create monster
  an uncursed scroll of create monster
  2 blessed scrolls of enchant armor
  3 uncursed scrolls of magic mapping
  2 blessed scrolls of remove curse
  a blessed potion of gain energy
  2 uncursed potions of oil
  13 potions of holy water
  3 potions of unholy water
  a cursed ring of conflict
  a blessed +0 ring of gain constitution
  an uncursed ring of protection from shape changers
  an uncursed ring of teleportation
  a blessed magic marker (1:9)

ButtonHitter the Valkyrie's attributes:

Background:
 You were a Warrior, a level 14 human Valkyrie.
 You were neutral, on a mission for Odin
 who was opposed by Tyr (lawful) and Loki (chaotic).
 You were right-handed.
 You were in the Dungeons of Doom, on level 1.
 You entered the dungeon 20540 turns ago.
 You had 100348 experience points, 59652 more were needed to attain level 15.

Basics:
 You had all 143 hit points.
 You had all 28 energy points (spell power).
 Your armor class was -11.
 Your wallet was empty.
 Autopickup was off.

Final Characteristics:
 Your strength was 25 (base:18/03, innate limit:18/100).
 Your dexterity was 14 (peak:17, limit:18).
 Your constitution was 18 (limit:18).
 Your intelligence was 7 (peak:9, limit:18).
 Your wisdom was 16 (limit:18).
 Your charisma was 11 (limit:18).

Final Status:
 You weren't hungry.
 You were burdened; movement was slightly slowed.
 You were wielding two weapons at once.
 Your skill in hammer was limited by being skilled with two weapons.
 Your two weapon skill was limited by being basic with saber.

Final Attributes:
 You were piously aligned.
 You were fire resistant.
 You were cold resistant.
 You were sleep resistant.
 You were shock resistant.
 You were poison resistant.
 You were warned.
 You were invisible.
 You were displaced.
 You were stealthy.
 You had a small defense bonus (+4).
 You were guarded.
 You took half physical damage.
 You took half spell damage.
 Your spell casting was impaired by metallic armor.
 You were very fast.
 You had reflection.
 You were lucky.
 You had extra luck.
 Good luck did not time out for you.
 You survived.

Miscellaneous:
 You encountered 2 bones levels.
 Total elapsed playing time was 5 hours, 53 minutes and 34 seconds.

Major events:
 Turn
    1: ButtonHitter the neutral human Valkyrie entered the dungeon
  517: attained the rank of Skirmisher (level 3)
 1092: entered the Gnomish Mines
 1413: attained the rank of Fighter (level 6)
 1430: reached Mine Town
 2043: found Sting on the floor
 3001: acquired the Mines' End luckstone
 5418: attained the rank of Woman-at-arms (level 10)
 5633: entered Sokoban
 5833: completed 1st Sokoban level
 6421: completed 2nd Sokoban level
 6630: completed 3rd Sokoban level
 7060: completed 4th Sokoban level
 7204: acquired the Sokoban amulet of reflection
 8396: read a Discworld novel
 9666: was bestowed with Mjollnir by Odin
 9941: was bestowed with Frost Brand by Odin
11280: entered Home 1, the Quest
16172: attained the rank of Warrior (level 14)
17668: the Norn has granted access to proceed deeper into the quest
17689: entered Home 2, the Quest
17737: entered Home 3, the Quest
17858: entered Home 4, the Quest
17864: entered Home 5, the Quest
17907: found the Orb of Fate on the floor
17910: killed Lord Surtur
17918: acquired the Bell of Opening
19347: performed her first genocide (class L)
19412: killed Medusa
20445: killed Samoe, the liquor emporium proprietor
20540: escaped

Spells:
 Name                 Level Category     Fail Retention
 remove curse           3   clerical     100%  76%-100%

Skills:
 Fighting Skills
   bare handed combat [Unskilled]
   two weapon combat  [Skilled]
   riding             [Unskilled]
 Weapon Skills
   dagger             [Basic]
   axe                [Unskilled]
   pick-axe           [Unskilled]
   short sword        [Unskilled]
   broadsword         [Unskilled]
   long sword         [Basic]
   two-handed sword   [Unskilled]
   saber              [Basic]
   hammer             [Expert]
   quarterstaff       [Unskilled]
   polearms           [Unskilled]
   spear              [Basic]
   trident            [Unskilled]
   lance              [Unskilled]
   sling              [Unskilled]
 Spellcasting Skills
   attack spells      [Unskilled]
   escape spells      [Unskilled]

Voluntary challenges:
 Character rerolling was not enabled.
 You genocided 4 types of monsters.
 You used no wishes.
 You violated the special Sokoban rules 7 times.
Achievements:
 You entered a shop.
 You attained the rank of Skirmisher.
 You entered the Gnomish Mines.
 You attained the rank of Fighter.
 You entered Minetown.
 You entered a temple.
 You completed the Gnomish Mines.
 You attained the rank of Woman-at-arms.
 You entered Sokoban.
 You completed Sokoban.
 You read from a Discworld novel.
 You attained the rank of Warrior.
 You had the Bell of Opening.
 You defeated Medusa.

 The Dungeons of Doom: levels 1 to 27
    Level 1: <- You left from here.
    Level 2:
       A potion shop.
    Level 3:
       An armor shop, a fountain, a grave.
       Stairs down to The Gnomish Mines.
    Level 4:
       An armor shop, a fountain.
    Level 5:
       A fountain, a sink.
    Level 6:
    Level 7: "vault"
       Some shops, a grave.
       Final resting place for
          NIK2408899-Val-Hum-Fem-Law, killed by a bugbear.
    Level 8:
       Many fountains.
       Oracle of Delphi.
    Level 9: "vault"
       A scroll shop.
       Stairs up to Sokoban, level 8.
    Level 10:
       A general store, a fountain.
    Level 11:
       An altar to Odin.
    Level 12:
       An altar, some fountains.
    Level 13:
       Many altars, some fountains.
    Level 14:
       A grave.
    Level 15:
       A general store.
       Portal to The Quest.
    Level 16:
       A sink.
    Level 17:
       Many graves.
    Level 18:
       A primitive area.
    Level 19:
    Level 20:
    Level 21:
       A fountain.
    Level 22:
    Level 23:
       A fountain.
    Level 24:
    Level 25:
       Many trees.
    Level 26:
    Level 27:
 The Gnomish Mines: levels 4 to 12
    Level 4:
    Level 5:
    Level 6:
       Many shops, a temple and an altar, some fountains, some trees.
    Level 7:
    Level 8:
    Level 9:
       A grave.
       Final resting place for
          spody-Wiz-Gno-Mal-Neu, killed by a flesh golem.
    Level 10:
    Level 11:
    Level 12:
 The Quest: levels 1 to 5
    Level 1:
       A fountain.
       Completed quest for the Norn.
    Level 2:
    Level 3:
    Level 4:
    Level 5:
 Sokoban: levels 8 up to 5
    Level 5:
       Solved.
    Level 6:
       Solved.
    Level 7:
       Solved.
    Level 8:
       Solved.


Vanquished creatures:
    Medusa
  a glass golem
  2 minotaurs
    Lord Surtur
  a displacer beast
  a trapper
  2 vampire leaders
  a shopkeeper
  a captain
  a frost giant
  a golden naga
  3 vampires
  a lieutenant
  7 ghosts
  4 queen bees
  a winged gargoyle
  a mind flayer
  5 giant mimics
  3 zruties
 27 fire giants
 an ogre tyrant
  3 ice trolls
  2 flesh golems
 an elven monarch
  2 doppelgangers
  6 large mimics
  a stalker
  3 air elementals
  a fire elemental
 an earth elemental
  a water elemental
  a hill giant
  a giant mummy
  a xorn
  4 giant zombies
  3 elf-nobles
  4 sergeants
  4 water demons
  4 wargs
  3 winter wolves
 15 small mimics
  4 xans
  2 ogre leaders
  2 quantum mechanics
  2 trolls
  4 wood golems
  2 gelatinous cubes
  3 pyrolisks
  3 freezing spheres
  2 flaming spheres
  a shocking sphere
  a tiger
  3 gargoyles
  a dwarf ruler
  a tengu
  5 ochre jellies
  a leocrotta
  2 energy vortices
  5 stone giants
  3 human mummies
  2 red nagas
  a python
  2 pit vipers
  a cobra
 11 wraiths
  2 carnivorous apes
 an ettin zombie
  2 leather golems
  3 soldiers
 an amorous demon
  3 chameleons
  3 crocodiles
  5 giant beetles
  a quivering blob
  7 cockatrices
 12 wolves
  2 winter wolf cubs
  a lynx
  a panther
  5 gremlins
  5 leprechauns
 an orc-captain
  a mumak
  7 giant spiders
  4 scorpions
  2 ice vortices
  a black light
  3 vampire bats
  2 forest centaurs
  3 gnome rulers
 an orc mummy
  2 ogres
  8 brown puddings
  2 rust monsters
  5 owlbears
  3 gold golems
  2 werewolves
  4 Green-elves
  a giant eel
  4 lizards
  2 chickatrices
  a dingo
  2 dogs
  a housecat
  a jaguar
  2 dwarf leaders
  2 blue jellies
  5 white unicorns
  2 dust vortices
 29 ravens
  a plains centaur
  a gnome mummy
  3 snakes
  3 apes
  9 human zombies
  4 Woodland-elves
 12 soldier ants
 45 fire ants
 12 bugbears
  3 wood nymphs
  4 water nymphs
  5 mountain nymphs
  5 Uruk-hai
  3 orc shamans
  7 rock piercers
  2 rock moles
  4 ponies
  2 fog clouds
  7 yellow lights
  3 shriekers
  a violet fungus
 16 gnome leaders
  2 gnomish wizards
  4 kobold mummies
  a gray ooze
  2 barrow wights
  2 elf zombies
  3 ghouls
  a straw golem
  a baby crocodile
 16 giant ants
  a little dog
  8 floating eyes
 21 dwarves
  2 homunculi
  a kobold leader
  a kobold shaman
  4 hill orcs
  9 rothes
  2 rabid rats
  2 centipedes
  a giant bat
  a monkey
  7 orc zombies
  4 werejackals
 10 iguanas
 64 killer bees
  3 acid blobs
  5 gas spores
  8 hobbits
 11 manes
  a large kobold
  4 hobgoblins
  4 giant rats
  6 cave spiders
  2 brown molds
  4 yellow molds
 66 gnomes
  a garter snake
  2 gnome zombies
  4 geckos
  4 jackals
  a fox
  4 kobolds
  6 goblins
  a sewer rat
  5 grid bugs
  a bat
  9 lichens
  2 kobold zombies
  4 newts
828 creatures vanquished.

Genocided species:
 arch-liches
 master liches
 demiliches
 liches
4 species genocided.

Farvel ButtonHitter the Valkyrie...

You escaped from the dungeon with 244626 points,
Mjollnir (worth 4000 zorkmids and 10000 points)
Frost Brand (worth 3000 zorkmids and 7500 points)
The Orb of Fate (worth 3500 zorkmids and 8750 points)
The Bell of Opening (worth 5000 zorkmids and 12500 points)
and 0 pieces of gold, after 20540 moves.
You were level 14 with a maximum of 143 hit points when you escaped.

